 Dungeon Crawl Stone Soup version 0.28.0-49-g6dfe1f597d (webtiles) character file.

Game seed: 6859298839482365452

9 Exodus22XD the Poker (level 2, 22/22 HPs)
             Began as a Demonspawn Gladiator on May 15, 2022.
             Quit the game on level 1 of the Dungeon.
             The game lasted 00:00:14 (317 turns).

Exodus22XD the Poker (Demonspawn Gladiator)          Turns: 317, Time: 00:00:14

Health: 22/22      AC:  4    Str: 14    XL:     2   Next: 3%
Magic:  2/2        EV: 12    Int:  9    God:
Gold:   0          SH:  0    Dex: 14    Spells: 1/1 levels left

rFire   . . .      SeeInvis .   a - +0 trident
rCold   . . .      Faith    .   (no shield)
rNeg    . . .      Spirit   .   b - +0 leather armour
rPois   .          Reflect  .   c - +0 helmet
rElec   .          Harm     .   (no cloak)
rCorr   .          Rampage  .   (no gloves)
Will    .....                   (no boots)
Stlth   +.........              (no amulet)
HPRegen 0.07/turn               (no ring)
MPRegen 0.16/turn               (no ring)

@: no status effects
A: magic regeneration
a: no special abilities


You were on level 1 of the Dungeon.
You visited 1 branch of the dungeon, and saw 1 of its levels.

Inventory:

Hand Weapons
 a - a +0 trident (weapon)
Missiles
 d - 3 throwing nets (quivered)
Armour
 b - a +0 leather armour (worn)
 c - a +0 helmet (worn)
Scrolls
 e - a scroll of noise {unknown}


   Skills:
 + Level 2.0 Fighting
 + Level 3.1 Polearms
 + Level 1.8 Throwing
 + Level 2.8 Dodging


You had one spell level left.
You didn't know any spells.
Your spell library was empty.

Dungeon Overview and Level Annotations

Branches:
Dungeon (1/15)

Altars:

Shops:
D:1 [


Innate Abilities, Weirdness & Mutations

You regenerate magic rapidly.


Message History

You puncture the jackal!
You kill the jackal!
Your Polearms skill increases to level 3!
No target in view!
You see here a jackal corpse.
e - a scroll labelled CUOHUCHUISS No target in view!
An endoplasm comes into view.
An endoplasm is nearby!
An endoplasm is nearby!
An endoplasm is nearby!
An endoplasm is nearby!
You reach to attack!
The helpless endoplasm fails to defend itself.
You hit the endoplasm.
The endoplasm is severely wounded.
An endoplasm is nearby!
You hit the endoplasm.
You kill the endoplasm!
A giant cockroach comes into view.
The giant cockroach bites you but does no damage.
You closely miss the giant cockroach. The giant cockroach bites you.
A giant cockroach is nearby!
You hit the giant cockroach but do no damage.
The giant cockroach bites you but does no damage.
A giant cockroach is nearby!
You closely miss the giant cockroach. The giant cockroach barely misses you.
The giant cockroach closely misses you.
A giant cockroach is nearby!
You closely miss the giant cockroach. The giant cockroach bites you.
A giant cockroach is nearby!
You hit the giant cockroach.
You kill the giant cockroach!
You have reached level 2!
Your demonic ancestry asserts itself...
Your magic begins to regenerate rapidly.
You see here a giant cockroach corpse.
A hobgoblin comes into view.
The hobgoblin shouts!
Are you sure you want to abandon this character and quit the game? (Confirm with "yes".)

#.#..###≈.≈....##
#....# ##...##.##
#....# ######..#
#.####### ####
#.......#
###.##..#.#
#.†.....#
#.#####.#
#.@...g.#
#####..... ###


You could see a hobgoblin.

Vanquished Creatures
  An endoplasm (D:1)
  2 giant cockroaches (D:1)
  3 jackals (D:1)
  A frilled lizard (D:1)
7 creatures vanquished.

Notes
Turn   | Place    | Note
-------+----------+-------------------------------------------
     0 | D:1      | Exodus22XD the Demonspawn Gladiator began the quest for the
                  | Orb.
     0 | D:1      | Reached XP level 1. HP: 16/16 MP: 1/1
   146 | D:1      | Found Qucu's Antique Armour Boutique.
   190 | D:1      | Reached skill level 3 in Polearms
   287 | D:1      | Gained mutation: You regenerate magic rapidly. [demonic
                  | ancestry]
   287 | D:1      | Reached XP level 2. HP: 20/22 MP: 2/2
   317 | D:1      | Quit the game

Illustrated notes

Levels and vault maps discovered:
D:1:      dpeg_arrival_castle, layout_basic, serial_shops, shop,
          shapermc_ecumenical_altar_rom_forum, serial_rivers,
          chequers_serial_rivers_small_b, chequers_serial_rivers_small_a,
          chequers_serial_rivers_micro_a, chequers_serial_rivers_micro_d,
          chequers_serial_rivers_room_b, chequers_serial_rivers_marsh

Skill      XL: |  1 |
---------------+----+-----
Polearms       | 3 |  3.1
Fighting       | |  2.0
Throwing       | |  1.8
Dodging        | |  2.8

Action                   || total
-------------------------++-------
Melee: Trident           ||    28
 Stab: Sleeping          ||     1
Armor: Leather armour    ||    10
Dodge: Dodged            ||    13
